 Dungeon Crawl Stone Soup version 0.28-a0-46-g7b1be97da7 (webtiles) character file.

Game seed: 5249429907954711433

99 dmks the Magician (level 5, -1/37 HPs)
             Began as a Djinni Fire Elementalist on July 30, 2021.
             Killed from afar by an orc wizard (4 damage)
             ... with a magic dart
             ... on level 3 of the Dungeon.
             The game lasted 00:07:22 (2233 turns).

dmks the Magician (Djinni Fire Elementalist)        Turns: 2233, Time: 00:07:22

Health: -1/37      AC:  2    Str:  7    XL:     5   Next: 2%
Gold:   49         EV: 12    Int: 18    God:
                   SH:  0    Dex: 13

rFire   + + .      SeeInvis .   (no weapon)
rCold   x . .      Faith    .   (no shield)
rNeg    . . .      Spirit   .   a - +0 robe
rPois   ∞          Reflect  .   (no helmet)
rElec   .          Harm     .   (no cloak)
rCorr   .          Rampage  .   (no gloves)
Will    .....                   (boots unavailable)
Stlth   ++........              (no amulet)
HPRegen 0.12/turn               (no ring)
MPRegen 0.00/turn               (no ring)

@: flying
A: sickness immunity, fire resistance 2, cold vulnerability 1, float, innate
caster, hp casting, extra vitality 1
a: no special abilities


You were on level 3 of the Dungeon.
You visited 1 branch of the dungeon, and saw 3 of its levels.

You collected 49 gold pieces.

Inventory:

Armour
 a - a +0 robe (worn)
Jewellery
 c - a ring of resist corrosion
   (You found it on level 1 of the Dungeon)
Scrolls
 d - a scroll of fog {unknown}
 e - a scroll of identify {unknown}
 f - a scroll of immolation {unknown}
 g - a scroll of magic mapping {unknown}
 h - a scroll of teleportation {unknown}
 i - a scroll of vulnerability {unknown}
 j - a scroll of noise {unknown}
Potions
 b - a potion of mutation {unknown}
 k - a potion of haste {unknown}


   Skills:
 + Level 1.3 Fighting
 + Level 1.4 Armour
 + Level 2.9 Dodging
 + Level 2.1 Stealth
 * Level 3.1 Spellcasting


You couldn't memorise any spells.
You knew the following spells:

 Your Spells              Type           Power      Damage    Failure   Level
a - Foxfire               Conj/Fire      56%        2x1d6     4%          1
b - Inner Flame           Hex/Fire       14%        N/A       14%         3
c - Magic Dart            Conj           56%        1d5       4%          1
d - Conjure Flame         Conj/Fire      14%        6-21      14%         3
e - Corpse Rot            Necr/Air       N/A        N/A       7%          2
q - Sticky Flame          Conj/Fire      14%        2d4       41%         4
x - Fireball              Conj/Fire      7%         3d5       77%         5
Your spell library was empty.

Dungeon Overview and Level Annotations

Branches:
Dungeon (3/15)

Altars:
Dithmenos

Shops:
D:2 =


Innate Abilities, Weirdness & Mutations

You are immune to sickness and miasma.
You are immune to poison.
Your flesh is very heat resistant. (rF++)
You are vulnerable to cold. (rC-)
You float through the air rather than walking.
You learn spells naturally, not from books.
Your magical power is your life essence.
You have superior vitality. (+4 HP)


Message History

The foxfire hits the orc priest. x2
The orc priest calls down the wrath of Beogh upon you.
You barely resist.
You conjure some foxfire!
The foxfire hits the orc priest.
The foxfire hits the orc priest.
You kill the orc priest!
Your magical contamination has completely faded away.
You have reached level 5!
The power to cast Corpse Rot wells up from within.
Spell assigned to 'e'.
There are monsters nearby!
You smell decay.
You conjure some foxfire!
The orc wizard hits you but does no damage.
The foxfire hits the orc wizard. x2
The orc wizard gestures at you while chanting.
The puff of flame hits you. You resist.
You conjure some foxfire!
The orc hits you but does no damage.
The orc wizard mumbles some strange words.
The orc wizard flickers and vanishes!
Deactivating autopickup; reactivate with Ctrl-A.
The foxfire hits something.
The foxfire hits something but does no damage.
Something hits you but does no damage.
There is nothing fresh enough to decay nearby.
You conjure some foxfire!
The orc hits you with a +0 dagger.
You hear some strange, mumbled words.
A magic dart appears from out of thin air!
The magic dart hits you!
* * * LOW HITPOINT WARNING * * *
The foxfire hits the orc. x2
You kill the orc!
The orc misses you. Something hits you.
* * * LOW HITPOINT WARNING * * *
There is nothing fresh enough to decay nearby.
You conjure some foxfire!
* * * LOW HITPOINT WARNING * * *
The orc hits you with a +0 club.
* * * LOW HITPOINT WARNING * * *
Something hits you.
* * * LOW HITPOINT WARNING * * *
The foxfire hits something.
The foxfire hits something but does no damage.
The orc hits you with a +0 club.
* * * LOW HITPOINT WARNING * * *
You hear some strange, mumbled words.
A magic dart appears from out of thin air!
The magic dart hits you.
You die...

##### ......########
......'.{@§..#######
......#)o)§÷........
.....
#.####.######## ....
#.#............ ###
#.##.#.########
#.##.#.# ####.#.#
#..#.######
#........>#


You could see an orc.

Vanquished Creatures
  An orc priest (D:3)
  2 adders
  A worm (D:2)
  A dart slug (D:1)
  An orc (D:3)
  7 ball pythons
  4 endoplasms
  3 goblins
  7 hobgoblins
  4 kobolds
  4 quokkas
  3 bats
  4 frilled lizards
  4 rats
46 creatures vanquished.

Vanquished Creatures (others)
  163 foxfires
  A plant (D:1)
164 creatures vanquished.

Grand Total: 210 creatures vanquished

Notes
Turn   | Place    | Note
-------+----------+-------------------------------------------
     0 | D:1      | dmks the Djinni Fire Elementalist began the quest for the
                  | Orb.
     0 | D:1      | Reached XP level 1. HP: 15/15 MP: 0/0
   172 | D:1      | Reached XP level 2. HP: 19/21 MP: 0/0
   698 | D:1      | Reached XP level 3. HP: 25/26 MP: 0/0
   698 | D:1      | Learned a level 1 spell: Magic Dart
  1054 | D:1      | Found a faded altar of an unknown god.
  1106 | D:2      | Reached skill level 1 in Armour
  1204 | D:2      | Found a shadowy altar of Dithmenos.
  1621 | D:2      | Reached skill level 1 in Fighting
  1797 | D:2      | Reached XP level 4. HP: 29/32 MP: 0/0
  1917 | D:2      | Found Upnebeor's Jewellery Boutique.
  2105 | D:3      | Reached skill level 3 in Spellcasting
  2223 | D:3      | Reached XP level 5. HP: 31/37 MP: 0/0
  2223 | D:3      | Learned a level 2 spell: Corpse Rot
  2233 | D:3      | Killed from afar by an orc wizard

Illustrated notes

Levels and vault maps discovered:
D:1:      dpeg_arrival_rooms_c, layout_rooms, serial_curves, eino_curves_01,
          eino_curves_04, hellmonk_ecumenical_altar_inner_sanctum,
          serial_bayou_pond_e
D:2:      layout_basic, serial_shops, nicolae_shop_statue_plus, basic_altar
D:3:      layout_basic, kennysheep_cross_bottleneck

Skill      XL: |  1  2  3  4 |
---------------+-------------+-----
Armour         | 1 |  1.4
Fighting       | 1 |  1.3
Stealth        | 2 |  2.1
Spellcasting   | 3 |  3.1
Dodging        | |  2.9

Action                   |  1- 3 |  4- 6 || total
-------------------------+-------+-------++-------
Melee: Unarmed           |     2 |       ||     2
 Cast: Foxfire           |    75 |    23 ||    98
       Corpse Rot        |       |     1 ||     1
Armor: Robe              |       |     4 ||     4
Dodge: Dodged            |     6 |    10 ||    16

Table legend: (Time is in decaauts)
 A = Elapsed time spent in this place.
 B = Non-inter-level travel time spent in this place.
 C = Inter-level travel time spent in this place.
 D = Time resting spent in this place.
 E = Time spent auto-exploring this place.
 F = Levels seen in this place.
 G = Mean time per level.
                   A        B        C        D        E       F      G
               +--------+--------+--------+--------+--------+-----+--------+
         Total |   2232 |   2204 |     28 |      0 |   1909 |   3 |  744.0 |
       Dungeon |   2232 |   2204 |     28 |      0 |   1909 |   3 |  744.0 |
               +--------+--------+--------+--------+--------+-----+--------+

Top non-repeatable levels by time:
     D:1: 1070 daAuts
     D:2: 1001 daAuts
     D:3: 160 daAuts
